 Dungeon Crawl Stone Soup version 0.16.0-12-g7215832 (webtiles) character file.

202 valak23 the Sneak (level 5, -1/24 HPs)
             Began as a Spriggan Enchanter on Mar 19, 2015.
             Was an Initiate of Kikubaaqudgha.
             Slain by a killer bee (8 damage)
             ... on level 3 of the Dungeon.
             The game lasted 00:09:32 (2106 turns).

valak23 the Sneak (Spriggan Enchanter)              Turns: 2106, Time: 00:09:32

Health: -1/24      AC:  4    Str:  4    XL:     5   Next: 50%
Magic:  11/16      EV: 18    Int: 16    God:    Kikubaaqudgha [......]
Gold:   145        SH:  0    Dex: 18    Spells: 2 memorised, 8 levels left

rFire  . . .     SeeInvis +     a - +1 dagger
rCold  . . .     Clarity  .     b - +2 robe
rNeg   . . .     SustAb   .     (shield restricted)
rPois  .         Gourm    .     (helmet restricted)
rElec  .         Spirit   .     (no cloak)
rCorr  .         Warding  .     (gloves unavailable)
rMut   +         Stasis   .     (boots unavailable)
MR     +....                    f - amulet of resist mutation
Stlth  ++++......               s - ring of wizardry
                                q - ring of protection from magic

@: lethally poisoned (-1 -> -12), very quick, somewhat resistant to hostile
enchantments, stealthy
A: unfitting armour, see invisible, herbivore 3, speed 3, slow metabolism 2
a: Renounce Religion


You were on level 3 of the Dungeon.
You worshipped Kikubaaqudgha.
Kikubaaqudgha was noncommittal.
You were not hungry.

You visited 1 branch of the dungeon, and saw 4 of its levels.

You collected 145 gold pieces.

Inventory:

Hand weapons
 a - a +1 dagger (weapon)
Armour
 b - a +2 robe (worn)
Jewellery
 f - an amulet of resist mutation (around neck)
 q - a ring of protection from magic (left hand)
 s - a ring of wizardry (right hand)
Magical devices
 t - a wand of heal wounds (4)
Scrolls
 e - 2 scrolls of remove curse {unknown}
 h - a scroll of random uselessness
 i - a scroll of noise {unknown}
 l - a scroll of magic mapping {unknown}
 n - a scroll of immolation {unknown}
Potions
 g - a potion of brilliance {unknown}
 j - a potion of heal wounds {unknown}
 k - a potion of poison {unknown}
 m - a potion of ambrosia {unknown}
 o - 2 potions of resistance {unknown}
 p - a potion of haste {unknown}
 r - a potion of curing {unknown}
Books
 c - a book of Maledictions

   Spells                             Type                      Level
   a - Corona                         Hexes                        1
   b - Sure Blade                     Hexes/Charms                 2
   c - Ensorcelled Hibernation        Hexes/Ice                    2
   d - Confuse                        Hexes                        3
   e - Dazzling Spray                 Conjuration/Hexes            3
   f - Enslavement                    Hexes                        4
Comestibles
 d - 4 bread rations


   Skills:
 * Level 3.1 Short Blades
 - Level 3.1 Dodging
 + Level 6.3 Stealth
 + Level 3.6 Spellcasting
 + Level 4.7 Hexes
 + Level 1.0 Ice Magic


You had 8 spell levels left.
You knew the following spells:

 Your Spells              Type           Power        Failure   Level  Hunger
a - Corona                Hex            ###....      1%          1    None
b - Ensorcelled Hibernat  Hex/Ice        ##....       4%          2    ##.....


Dungeon Overview and Level Annotations

Branches:
Dungeon (4/15)
 Temple: D:4-7

Altars:
Elyvilon
Kikubaaqudgha
Makhleb


Innate Abilities, Weirdness & Mutations

You are tiny and cannot use many weapons and most armour.
You have supernaturally acute eyesight.
You are a herbivore.
You cover ground extremely quickly.
You need consume almost no food.


Message History

The killer bee completely misses you.
The worker ant waves its antennae.
The killer bee misses you.
There is a stone staircase leading up here.
You feel sick. The killer bee closely misses you.
The killer bee barely misses you. x2
The killer bee stings you but does no damage.
You climb upwards.
You feel sick.
There is a stone staircase leading down here.
Casting: Ensorcelled Hibernation
Confirm with . or Enter, or press ? or * to list all spells.
Aiming: Ensorcelled Hibernation
Press: ? - help, Shift-Dir - straight line, f - killer bee
Aim: a killer bee (chance 51%)
The killer bee resists with some effort.
* * * LOW HITPOINT WARNING * * *
You feel sick. The killer bee completely misses you. The killer bee misses you.
The killer bee stings you!
You die...
Kikubaaqudgha rasps: "You have failed me!
Welcome... death!"

............#..#.##.##..#
..####.##......#.##.##..#
..####.####.#.##.#......#
............#.##.#..###.#
#####...รท...#.##.#..###.##
# #.#######.##.#.^.....# #
#.# #.....#.#######
#####.######..#.y#.#
....)...........@#.#
.#...#######..#..y.#
.#...'........###########
.#...########...........#
.#...# ###########.# .'...#
#.# .#...# #########.#
.#...# #....)....# .#...#
#.#########


You could see 2 killer bees.

Vanquished Creatures
  Sigmund (D:2)
  Jessica (D:2)
  6 adders
  A giant mite (D:3)
  4 giant geckos
  An ooze (D:3)
  8 goblins
  9 hobgoblins
  4 jackals (D:1)
  2 bats
  5 giant cockroaches
  3 giant newts
  7 rats
52 creatures vanquished.

Notes
Turn   | Place    | Note
--------------------------------------------------------------
     0 | D:1      | valak23, the Spriggan Enchanter, began the quest for the Orb.
     0 | D:1      | Reached XP level 1. HP: 9/9 MP: 4/4
   230 | D:1      | Reached XP level 2. HP: 13/13 MP: 7/7
   261 | D:1      | Learned a level 2 spell: Ensorcelled Hibernation
   649 | D:2      | Reached XP level 3. HP: 16/16 MP: 1/9
   767 | D:2      | Noticed Sigmund
   776 | D:2      | Killed Sigmund
   776 | D:2      | Reached skill level 5 in Stealth
   776 | D:2      | Reached XP level 4. HP: 18/21 MP: 8/13
   816 | D:2      | Noticed Jessica
   824 | D:2      | Killed Jessica
   824 | D:2      | Reached skill level 6 in Stealth
   824 | D:2      | Reached XP level 5. HP: 19/24 MP: 9/16
   944 | D:2      | Found an ancient bone altar of Kikubaaqudgha.
   955 | D:2      | Became a worshipper of Kikubaaqudgha
  1576 | D:3      | Found a white marble altar of Elyvilon.
  1687 | D:3      | Reached skill level 1 in Ice Magic
  1780 | D:3      | Found a burning altar of Makhleb.
  2106 | D:3      | Slain by a killer bee

Action                   |  1- 3 |  4- 6 || total
-------------------------+-------+-------++-------
Melee: Dagger            |    62 |    28 ||    90
 Cast: Corona            |     2 |       ||     2
       Ensorcelled Hiber |    11 |    22 ||    33
  Use: Scroll            |     3 |     2 ||     5
 Stab: Sleeping          |    12 |    19 ||    31
